 Dungeon Crawl Stone Soup version 0.29.0-13-gc9e81de378 (webtiles) character file.

Game seed: 10102853383362914375

92 SnakkuSnakku7 the Chopper (level 4, 0/39 HPs)
             Began as a Naga Warper on Sept 9, 2022.
             Slain by an orc
             ... wielding a +0 hand axe
              (3 damage)
             ... on level 2 of the Dungeon.
             The game lasted 00:01:39 (2107 turns).

SnakkuSnakku7 the Chopper (Naga Warper)             Turns: 2107, Time: 00:01:40

Health: 0/39       AC:  2    Str: 15    XL:     4   Next: 60%
Magic:  7/7        EV:  9    Int: 14    God:
Gold:   129        SH:  0    Dex: 10    Spells: 7/7 levels left

rFire   . . .      SeeInvis +   a - +0 hand axe
rCold   . . .      Faith    .   (no shield)
rNeg    . . .      Spirit   .   b - +0 leather armour
rPois   +          Reflect  .   (no helmet)
rElec   .          Harm     .   (no cloak)
rCorr   .          Rampage  .   (no gloves)
Will    .....                   (no barding)
Stlth   +.........              (no amulet)
HPRegen 0.13/turn               (no ring)
MPRegen 0.10/turn               (no ring)

@: very slow
A: AC +1, large, see invisible, deformed body, poison resistance, slowness 2,
spit poison 1, naga tail 1
a: Spit Poison


You were on level 2 of the Dungeon.
You visited 1 branch of the dungeon, and saw 3 of its levels.

You collected 129 gold pieces.

Inventory:

Hand Weapons
 a - a +0 hand axe (weapon)
Missiles
 d - 7 boomerangs of dispersal
 k - 6 javelins
Armour
 b - a +0 leather armour (worn)
Jewellery
 h - an amulet of guardian spirit
Wands
 q - a wand of iceblast (11)
Scrolls
 e - a scroll of magic mapping {unknown}
 g - 3 scrolls of poison {unknown}
 i - 3 scrolls of identify {unknown}
 j - a scroll of amnesia {unknown}
 n - a scroll of noise {unknown}
 o - 2 scrolls of enchant armour {unknown}
 p - 3 scrolls of teleportation {unknown}
Potions
 f - 2 potions of curing {unknown}
 l - 2 potions of haste {unknown}
 m - a potion of mutation {unknown}
 r - a potion of berserk rage {unknown}
 s - a potion of lignification {unknown}


   Skills:
 - Level 2.0 Fighting
 + Level 4.7 Axes
 - Level 0.8 Throwing
 - Level 0.7 Armour
 - Level 1.5 Dodging
 - Level 2.0 Spellcasting
 - Level 3.0 Translocations


You had 7 spell levels left.
You didn't know any spells.
Your spell library contained the following spells:

 Spells                   Type           Power      Damage    Failure   Level
 Blink                    Tloc           18%        N/A       13%         2
 Gell's Gravitas          Tloc           9%         N/A       26%         3
 Lesser Beckoning         Tloc           9%         N/A       26%         3
 Teleport Other           Tloc           9%         N/A       26%         3
 Conjure Flame            Conj/Fire      1%         6-21      65%         3
 Ignite Poison            Fire/Tmut/Pois 1%         N/A       65%         3
 Inner Flame              Hex/Fire       1%         N/A       65%         3
 Manifold Assault         Tloc           9%         N/A       93%         5
 Animate Dead             Necr           1%         N/A       96%         4
 Cause Fear               Hex            0%         N/A       96%         4
 Sticky Flame             Conj/Fire      1%         2d3       96%         4
 Borgnjor's Vile Clutch   Necr/Erth      0%         N/A       100%        5
 Death Channel            Necr           0%         N/A       100%        6
 Discord                  Hex            0%         N/A       100%        8


Dungeon Overview and Level Annotations

Branches:
Dungeon (3/15)

Altars:


Innate Abilities, Weirdness & Mutations

Your serpentine skin is tough. (AC +1)
You have supernaturally acute eyesight. (SInv)
Armour fits poorly on your strangely shaped body.
Your system is resistant to poisons. (rPois)
You cover ground very slowly.
You can spit poison.
You have a snake-like lower body.


Message History

Unknown command.
The orc closely misses you.
You closely miss the orc. You hit the orc. You hit the orc but do no damage.
The orc hits you with a +0 club. The orc barely misses you. The orc misses you.
Unknown command.
You hit the orc.
The orc is severely wounded.
You hit the orc but do no damage. x2; The orc barely misses you.
The orc hits you with a +0 flail. The orc hits you with a +0 hand axe.
Unknown command.
You barely miss the orc.
The orc is severely wounded.
You hit the orc but do no damage. You closely miss the orc.
The orc hits you with a +0 club. The orc barely misses you.
The orc hits you with a +0 hand axe.
You hit the orc but do no damage. You completely miss the orc. You hit the orc.
You kill the orc!
The orc misses you. The orc hits you with a +0 hand axe.
You hit the orc.
The orc is heavily wounded.
You hit the orc. The orc hits you with a +0 flail.
The orc hits you with a +0 hand axe.
Unknown command.
You are too injured to fight recklessly!
You closely miss the orc.
The orc is heavily wounded.
You hit the orc but do no damage. The orc hits you with a +0 flail!
* * * LOW HITPOINT WARNING * * *
The orc barely misses you.
Unknown command.
You hit the orc but do no damage.
The orc is heavily wounded.
You barely miss the orc. The orc hits you with a +0 flail.
* * * LOW HITPOINT WARNING * * *
The orc barely misses you.
Unknown command.
You hit the orc.
You kill the orc!
You hit the orc but do no damage. The orc hits you with a +0 hand axe.
You die...

### #.# #.#
############.#
#.......)....# #
#.##########†######### #
####.##########.........#
#
#............##########.#
#####.##........@## #.#
+......'.......o)># #.#
#####.##..........# #.#
#####.###########.# #.#
......# #.# #.# .######
#.# #.# .# #.# #.# .# #.#
#.# .# ######### #.# #.#


You could see an orc.

Vanquished Creatures
  Jessica (D:2)
  3 adders (D:2)
  3 dart slugs
  2 orcs (D:2)
  3 bats
  5 endoplasms
  2 giant cockroaches (D:1)
  5 goblins
  2 hobgoblins (D:1)
  3 kobolds
  2 ball pythons (D:2)
  A rat (D:2)
32 creatures vanquished.

Vanquished Creatures (others)
  A demonic plant (D:2)
  3 fungi (D:2)
4 creatures vanquished.

Grand Total: 36 creatures vanquished

Notes
Turn   | Place    | Note
-------+----------+-------------------------------------------
     0 | D:1      | SnakkuSnakku7 the Naga Warper began the quest for the Orb.
     0 | D:1      | Reached XP level 1. HP: 19/19 MP: 3/3
    74 | D:1      | Reached XP level 2. HP: 10/26 MP: 5/5
   494 | D:1      | Reached skill level 3 in Axes
   988 | D:2      | Noticed Jessica
   994 | D:2      | Found a faded altar of an unknown god.
   996 | D:2      | Killed Jessica
   997 | D:2      | Reached XP level 3. HP: 29/32 MP: 6/6
  1065 | D:2      | Reached skill level 4 in Axes
  1076 | D:2      | Reached XP level 4. HP: 29/39 MP: 7/7
  2107 | D:2      | Slain by an orc

Illustrated notes

Levels and vault maps discovered:
D:1:      beargit_arrival_diablo_church, layout_basic
D:2:      layout_basic, shapermc_ecumenical_altar_gd, uniq_jessica
D:3:      layout_rooms, minmay_vboxes

Skill      XL: |  1  2  3 |
---------------+----------+-----
Axes           | 3 4 |  4.7
Fighting       | |  2.0
Throwing       | |  0.8
Armour         | |  0.7
Dodging        | |  1.5
Spellcasting   | |  2.0
Translocations | |  3.0

Action                   |  1- 3 |  4- 6 || total
-------------------------+-------+-------++-------
Melee: Hand axe          |    56 |    60 ||   116
       Punch             |     1 |       ||     1
  Use: Scroll            |       |     1 ||     1
Armor: Leather armour    |     7 |    20 ||    27
Dodge: Dodged            |    36 |    43 ||    79
